 Dungeon Crawl Stone Soup version 0.29.1-14-g9c671dbff4 (webtiles) character file.

Game seed: 5137901574445947691

199 devnull the Cudgeller (level 6, -4/46 (51) HPs)
             Began as a Meteoran Fighter on Feb 19, 2023.
             Was a Follower of the Shining One.
             Slain by an ice beast (13 damage)
             ... on level 6 of the Dungeon.
             The game lasted 00:11:03 (1984 turns).

devnull the Cudgeller (Meteoran Fighter)            Turns: 1984, Time: 00:11:04

HP:   -4/46 (51)    AC:  9    Str: 21    XL:     6   Next: 28%
MP:   8/10          EV:  9    Int:  9    God:    the Shining One [*.....]
Gold: 125           SH: 13    Dex: 13    Spells: 5/5 levels left

rFire   . . .      SeeInvis .   a - +0 flail
rCold   . . .      Faith    .   c - +0 buckler
rNeg    . . .      Spirit   .   b - +0 scale mail
rPois   .          Reflect  .   f - +0 helmet
rElec   .          Harm     .   (no cloak)
rCorr   +          Rampage  .   k - +0 pair of gloves
Will    .....                   (no boots)
Stlth   ..........              (no amulet)
HPRegen 0.15/turn               v - ring of resist corrosion
MPRegen 0.12/turn               (no ring)

@: divinely shielded, glowing, drained
A: sense surroundings 1, otherworldly, glowing, explore regen
a: Renounce Religion, Divine Shield


You were on level 6 of the Dungeon.
You worshipped the Shining One.
The Shining One was aware of your devotion.
You visited 1 branch of the dungeon, and saw 4 of its levels.

You collected 181 gold pieces.
You spent 56 gold pieces at shops.

Inventory:

Hand Weapons
 a - a +0 flail (weapon)
 h - a +0 hand axe
Armour
 b - a +0 scale mail (worn)
 c - a +0 buckler (worn)
 f - a +0 helmet (worn)
 k - a +0 pair of gloves (worn)
Jewellery
 p - a ring of ice
 v - a ring of resist corrosion (left hand)
Wands
 j - a wand of flame (37)
 u - a wand of acid (6)
Scrolls
 e - 2 scrolls of teleportation
 i - a scroll of butterflies
 m - 4 scrolls of immolation
 q - a scroll of vulnerability
 r - a scroll of enchant armour {unknown}
 t - a scroll of poison {unknown}
Potions
 d - a potion of might
 g - a potion of attraction {unknown}
 l - 2 potions of curing
 n - a potion of flight {unknown}
 o - 2 potions of mutation {unknown}
 s - a potion of haste {unknown}


   Skills:
 - Level 3.2 Fighting
 - Level 6.0 Maces & Flails
 - Level 3.6 Armour
 - Level 3.6 Shields
 + Level 4.4 Invocations


You had 5 spell levels left.
You didn't know any spells.
Your spell library contained the following spells:

 Spells                   Type           Power      Damage    Failure   Level
 Foxfire                  Conj/Fire      0%         2x1d4     82%         1
 Static Discharge         Conj/Air       0%         3-3/arc   91%         2
 Conjure Flame            Conj/Fire      0%         6-21      99%         3
 Dazzling Flash           Conj/Hex       0%         N/A       99%         3
 Inner Flame              Hex/Fire       0%         N/A       99%         3
 Dispel Undead            Necr           0%         3d6       100%        4
 Flame Wave               Conj/Fire      0%         2d4       100%        4
 Hailstorm                Conj/Ice       0%         3d3       100%        4
 Ice Form                 Ice/Tmut       0%         N/A       100%        4
 Sticky Flame             Conj/Fire      0%         2d3       100%        4
 Simulacrum               Ice/Necr       0%         N/A       100%        6
 Ignition                 Fire           0%         3d3       100%        8


Dungeon Overview and Level Annotations

Branches:
Dungeon (3/15) Zot: 587    Temple (0/1) D:6

Altars:
Elyvilon
Uskayaw
The Shining One

Shops:
D:2 !


Innate Abilities, Weirdness & Mutations

You passively map a small area around you.
You are easily found by Zot.
You glow in the dark.
You regain HP and MP as you explore.


Message History

The ice beast hits you. The ice beast freezes you!
Your shield is strengthened by the Shining One's divine power.
The ice beast closely misses you.
Aiming: Throw Flame
Press: ? - help, Shift-Dir - straight line, f/p - ice beast
Aim: an ice beast (lightly wounded, haloed, 79% to hit)
The puff of flame hits the ice beast.
The ice beast melts!
The ice beast is moderately wounded.
You block the ice beast's attack.
Aiming: Throw Flame
Press: ? - help, Shift-Dir - straight line, f/p - ice beast
Aim: an ice beast (moderately wounded, haloed, 79% to hit)
The puff of flame hits the ice beast.
The ice beast melts!
The ice beast is moderately wounded.
You block the ice beast's attack.
You sock the ice beast!
The ice beast is severely wounded.
You block the ice beast's attack.
You barely miss the ice beast.
The ice beast is severely wounded.
The ice beast hits you. The ice beast freezes you!
You barely miss the ice beast.
The ice beast is severely wounded.
The ice beast hits you but does no damage.
You hit the ice beast.
The ice beast is severely wounded.
You block the ice beast's attack.
You barely miss the ice beast.
The ice beast is severely wounded.
The ice beast hits you. The ice beast freezes you.
* * * LOW HITPOINT WARNING * * *
You block the ice beast's attack.
You barely miss the ice beast.
The ice beast is severely wounded.
You block the ice beast's attack. The ice beast attacks as you move away!
You block the ice beast's attack. The ice beast attacks as you move away!
The ice beast hits you.
* * * LOW HITPOINT WARNING * * *
The ice beast freezes you!
You die...

#.#+######### *
#.#..........
####...........
, #............#
+ ,
#............# *
*
#............#,
#........†...#,,
#.......Y....#,
, #......@.....#
,,
#............# ,
#............# ,
*#............#
,
*#............#,
,
++.............#
, ,
*#.............#
,
###'#...###...#
,.> * , #.#...#
...# #8##


You could see an ice beast.

Vanquished Creatures
  A bullfrog (D:6)
  4 gnolls (D:3)
  3 adders
  2 dart slugs
  An orc (D:3)
  6 bats
  8 endoplasms
  5 giant cockroaches
  4 goblins
  3 hobgoblins
  4 jackals (D:3)
  3 quokkas
  3 ball pythons
  A frilled lizard (D:3)
  8 kobolds
  7 rats
63 creatures vanquished.

Notes
Turn   | Place    | Note
-------+----------+-------------------------------------------
     0 | D:1      | devnull the Meteoran Fighter began the quest for the Orb.
     0 | D:1      | Reached XP level 1. HP: 19/19 MP: 2/2
    51 | D:1      | Reached skill level 3 in Maces & Flails
   106 | D:1      | Reached XP level 2. HP: 20/26 MP: 3/3
   242 | D:1      | Found a faded altar of an unknown god.
   255 | D:1      | Reached skill level 4 in Maces & Flails
   267 | D:1      | Prayed at the altar of an unknown god.
   267 | D:1      | Became a worshipper of the Shining One
   267 | D:1      | Reached * piety under the Shining One
   436 | D:2      | Reached XP level 3. HP: 31/31 MP: 4/4
   726 | D:2      | Found Ruoxiush's Distillery.
   732 | D:2      | Bought a potion of curing for 42 gold pieces
   732 | D:2      | Bought a potion of degeneration for 14 gold pieces
   913 | D:2      | Reached skill level 5 in Maces & Flails
   913 | D:2      | Reached XP level 4. HP: 38/38 MP: 5/5
  1081 | D:2      | Glimpsed the power of Zot.
  1321 | D:3      | Found a white marble altar of Elyvilon.
  1447 | D:3      | Reached skill level 6 in Maces & Flails
  1447 | D:3      | Reached XP level 5. HP: 42/45 MP: 6/6
  1451 | D:3      | Reached skill level 1 in Invocations
  1674 | D:3      | Glimpsed the power of Zot.
  1724 | D:3      | Glimpsed the power of Zot.
  1753 | D:3      | Got the Tractate on the Salvo and Thermatology
  1764 | D:3      | Glimpsed the power of Zot.
  1773 | D:3      | Touched by the power of Zot.
  1775 | D:3      | You fall into a shaft and drop 3 floors!
  1802 | D:6      | Found a hide-covered altar of Uskayaw.
  1802 | D:6      | Noticed a bullfrog
  1817 | D:6      | Killed a bullfrog
  1818 | D:6      | Reached XP level 6. HP: 13/44 MP: 5/10
  1819 | D:6      | Found a staircase to the Ecumenical Temple.
  1967 | D:6      | Noticed an ice beast
  1984 | D:6      | Slain by an ice beast

Illustrated notes

Levels and vault maps discovered:
D:1:      saegor_arrival_miasma, layout_rooms,
          dreamdust_ecumenical_altar_angels_and_demons
D:2:      minmay_wonky_spiral, layout_loops_cross, serial_shops,
          nicolae_shop_temple_entry_statues_fountains, minmay_pentomino_p2
D:3:      layout_loops_corners, old_standard_altar
D:6:      layout_basic, mainiacjoe_overflow_alcove_4,
          mainiacjoe_overflow_six_doors_small, nicolae_uskayaw_dance_hall,
          temple_statues

Skill      XL: |  1  2  3  4  5 |
---------------+----------------+-----
Maces & Flails | 3 4 5 6 |  6.0
Invocations    | 4 |  4.4
Fighting       | |  3.2
Armour         | |  3.6
Shields        | |  3.6

Action                   |  1- 3 |  4- 6 || total
-------------------------+-------+-------++-------
Melee: Flail             |    73 |    84 ||   157
Invok: Divine Shield     |       |     2 ||     2
Evoke: Wand              |       |     4 ||     4
  Use: Scroll            |       |     4 ||     4
Armor: Scale mail        |    39 |    48 ||    87
Dodge: Dodged            |    26 |    32 ||    58
Block: Buckler           |    14 |    23 ||    37
